 Dungeon Crawl Stone Soup version 0.30-a0-652-gcc886f7154 (webtiles) character file.

Game seed: 6684516963808745129

231 NotreDorf the Poker (level 6, -4/39 (47) HPs)
             Began as a Merfolk Reaver on Jan 18, 2023.
             Slain by a gnoll
             ... wielding a +0 club
              (7 damage)
             ... on level 3 of the Dungeon.
             The game lasted 00:11:41 (2422 turns).

NotreDorf the Poker (Merfolk Reaver)                Turns: 2422, Time: 00:11:42

HP:   -4/39 (47)    AC:  6    Str: 12    XL:     6   Next: 3%
MP:   19/19         EV: 12    Int: 13    God:
Gold: 179           SH:  5    Dex: 16    Spells: 7/10 levels left

rFire   . . .      SeeInvis .    a - +0 spear
rCold   . . .      Faith    .    p - +2 buckler {AC+3}
rNeg    . . .      Spirit   .    b - +0 leather armour
rPois   .          Reflect  .    (no helmet)
rElec   .          Harm     .    (no cloak)
rCorr   .          Rampage  .    (no gloves)
Will    .....                    (no boots)
Stlth   ++                       (no amulet)
HPRegen 0.26/turn                e - ring of magical power
MPRegen 0.16/turn                (no ring)

@: heavily drained
A: (nimble swimmer 2), mertail, thin skeletal structure 1
a: no special abilities


You were on level 3 of the Dungeon.
You visited 1 branch of the dungeon, and saw 3 of its levels.

You collected 179 gold pieces.

Inventory:

Hand Weapons
 a - a +0 spear (weapon)
Missiles
 c - 2 throwing nets
Armour
 b - a +0 leather armour (worn)
 h - an orb of wrath
 p - a +2 buckler of protection (worn)
Jewellery
 e - a ring of magical power (left hand)
Wands
 f - a wand of roots (7)
 s - a wand of polymorph (10)
Scrolls
 d - 4 scrolls of identify {unknown}
 g - a scroll of enchant armour {unknown}
 k - a scroll of torment {unknown}
 l - a scroll of fear {unknown}
 n - a scroll of vulnerability {unknown}
 o - a scroll of immolation {unknown}
 q - 2 scrolls of enchant weapon {unknown}
Potions
 i - a potion of brilliance
 j - a potion of might


   Skills:
 + Level 3.5 Fighting
 + Level 5.1 Polearms
 + Level 4.1 Dodging
 + Level 2.9 Spellcasting
 + Level 3.2 Conjurations
 + Level 0.6 Translocations


You had 7 spell levels left.
You knew the following spells:

 Your Spells              Type           Power      Damage    Failure   Level
a - Kiss of Death         Conj/Necr      24%        2d7       22%         1
b - Momentum Strike       Conj/Tloc      12%        3d8       28%         2

Your spell library contained the following spells:

 Spells                   Type           Power      Damage    Failure   Level
 Magic Dart               Conj           40%        1d5       11%         1
 Sting                    Tmut/Pois      4%         1d3       38%         1
 Call Imp                 Summ           1%         N/A       54%         2
 Poisonous Vapours        Pois/Air       2%         N/A       54%         2
 Hailstorm                Conj/Ice       6%         3d4       54%         3
 Mephitic Cloud           Conj/Pois/Air  4%         N/A       63%         3
 Gell's Gravitas          Tloc           3%         N/A       67%         3
 Teleport Other           Tloc           3%         N/A       67%         3
 Olgreb's Toxic Radiance  Pois           1%         N/A       99%         4
 Dispersal                Tloc           1%         N/A       100%        6


Dungeon Overview and Level Annotations

Branches:
Dungeon (3/15)

Altars:

Annotations:
D:3 1 runed translucent door, Crazy Yiuf


Innate Abilities, Weirdness & Mutations

((You are very nimble when in or above water. (Stealth+, EV+, Speed+++)))
Your lower body shifts to a powerful aquatic tail in water.
You have a somewhat thin skeletal structure. (Dex +2, Stealth+)


Message History

You barely miss the gnoll. You block the gnoll's attack.
You hit the gnoll but do no damage.
The gnoll hits you from afar with a +0 halberd!
The gnoll closely misses you.
You hit the gnoll.
The gnoll is moderately wounded.
You block the gnoll's attack. The gnoll attacks as you move away!
The gnoll hits you but does no damage.
You closely miss the gnoll.
The gnoll is moderately wounded.
You hit the gnoll.
The gnoll is moderately wounded.
You block the gnoll's attack.
You closely miss the gnoll.
The gnoll is moderately wounded.
You block the gnoll's attack. The gnoll hits you with a +0 club.
You hit the gnoll but do no damage.
The gnoll is moderately wounded.
The gnoll hits you but does no damage. The gnoll hits you with a +0 club!
You hit the gnoll.
The gnoll is heavily wounded.
The gnoll closely misses you.
You hit the gnoll.
The gnoll is severely wounded.
The gnoll hits you but does no damage.
You hit the gnoll but do no damage.
The gnoll is severely wounded.
The gnoll hits you from afar with a +0 halberd.
The gnoll hits you with a +0 club.
You hit the gnoll but do no damage.
The gnoll is severely wounded.
You completely miss the gnoll.
The gnoll is severely wounded.
The gnoll hits you from afar with a +0 halberd!
* * * LOW HITPOINT WARNING * * *
The gnoll hits you with a +0 club.
* * * LOW HITPOINT WARNING * * *
The gnoll barely misses you. The gnoll attacks as you move away!
The gnoll hits you with a +0 club!
You die...

..# #....# ..############....#
..'.......[..'....#
..############....# ####### ..#
#######....#########...... ..# ##
#.....'....'......()...... ..# .
...#####....#########...... ..#.#
#....# #......
..#.##########..@g#########).....
..>...............gg...).##......
..#.####################..#......
.)#+#...#.......#########.#......
......#.#.#.............#.......)
......#.#.#.###.#######.##.......
......#.#.#.#<#.# #.##.......
......#.#.#.#.#.# #.###......
......#.#.#.#.#.# #.###....##


You could see 3 gnolls.

Vanquished Creatures
  An orc priest (D:3)
  Ijyb (D:3)
  8 adders (D:2)
  3 worms (D:2)
  2 dart slugs
  5 orcs (D:3)
  6 bats
  6 endoplasms
  6 giant cockroaches
  3 goblins
  6 hobgoblins
  4 jackals (D:3)
  5 ball pythons
  3 frilled lizards (D:2)
  5 kobolds
  8 rats
72 creatures vanquished.

Vanquished Creatures (others)
  An orc wizard (D:3)
1 creature vanquished.

Grand Total: 73 creatures vanquished

Notes
Turn   | Place    | Note
-------+----------+-------------------------------------------
     0 | D:1      | NotreDorf the Merfolk Reaver began the quest for the Orb.
     0 | D:1      | Reached XP level 1. HP: 16/16 MP: 3/3
   264 | D:1      | Reached XP level 2. HP: 23/23 MP: 5/5
   392 | D:1      | Learned a level 2 spell: Momentum Strike
   682 | D:2      | Reached XP level 3. HP: 27/28 MP: 6/6
   850 | D:2      | Reached XP level 4. HP: 24/34 MP: 7/7
  1139 | D:2      | Found a faded altar of an unknown god.
  1284 | D:2      | Reached XP level 5. HP: 41/41 MP: 8/8
  1577 | D:3      | Found a runed translucent door.
  1578 | D:3      | Noticed Crazy Yiuf
  1878 | D:3      | Reached skill level 5 in Polearms
  2015 | D:3      | Identified the +0 ring mail of Floral Intercession {rElec
                  | MP-9 Int+4 Dex+9}
  2088 | D:3      | Noticed Ijyb
  2112 | D:3      | HP: 1/30 [constriction (2)]
  2114 | D:3      | Gained mutation: You have a somewhat thin skeletal
                  | structure. (Dex +2, Stealth+) [potion of mutation]
  2117 | D:3      | Killed Ijyb
  2118 | D:3      | Reached XP level 6. HP: 4/38 MP: 10/10
  2422 | D:3      | Slain by a gnoll

Illustrated notes

Levels and vault maps discovered:
D:1:      nagdon_arrival_zigzag_paths, layout_rooms
D:2:      minmay_recursive_quarters, layout_rooms,
          chequers_ecumenical_altar_twisty, hex_medium, minmay_joined_circles
D:3:      layout_basic, uniq_ijyb, uniq_crazy_yiuf_cottage

Skill      XL: |  1  2  3  4  5 |
---------------+----------------+-----
Dodging        | 3 4 |  4.1
Fighting       | 3 |  3.5
Conjurations   | 3 |  3.2
Polearms       | 5 |  5.1
Spellcasting   | |  2.9
Translocations | |  0.6

Action                   |  1- 3 |  4- 6 || total
-------------------------+-------+-------++-------
Melee: Spear             |   107 |   240 ||   347
       Punch             |     2 |       ||     2
 Cast: Kiss of Death     |       |     2 ||     2
       Momentum Strike   |       |     1 ||     1
  Use: Potion            |     1 |     5 ||     6
 Stab: Sleeping          |       |     1 ||     1
Armor: Leather armour    |    18 |    48 ||    66
Dodge: Dodged            |    43 |   102 ||   145
Block: Buckler           |       |    44 ||    44

Table legend: (Time is in decaauts)
 A = Elapsed time spent in this place.
 B = Non-inter-level travel time spent in this place.
 C = Inter-level travel time spent in this place.
 D = Time resting spent in this place.
 E = Time spent auto-exploring this place.
 F = Levels seen in this place.
 G = Mean time per level.
                   A        B        C        D        E       F      G
               +--------+--------+--------+--------+--------+-----+--------+
         Total |   2400 |   2379 |     21 |     25 |   1654 |   3 |  800.0 |
       Dungeon |   2400 |   2379 |     21 |     25 |   1654 |   3 |  800.0 |
               +--------+--------+--------+--------+--------+-----+--------+

Top non-repeatable levels by time:
     D:3: 980 daAuts
     D:2: 852 daAuts
     D:1: 566 daAuts
